 Dungeon Crawl Stone Soup version 0.28.0-45-g0d030f2227 (webtiles) character file.

Game seed: 8433115549345940563

8 McKennaii the Conjurer (level 2, 14/19 HPs)
             Began as a Demonspawn Conjurer on Apr 8, 2022.
             Quit the game on level 1 of the Dungeon.
             The game lasted 00:00:11 (169 turns).

McKennaii the Conjurer (Demonspawn Conjurer)         Turns: 169, Time: 00:00:11

Health: 14/19      AC:  2    Str:  7    XL:     2   Next: 0%
Magic:  0/5        EV: 12    Int: 19    God:
Gold:   9          SH:  0    Dex: 11    Spells: 4/5 levels left

rFire   . . .      SeeInvis .   (no weapon)
rCold   . . .      Faith    .   (no shield)
rNeg    . . .      Spirit   .   a - +0 robe
rPois   .          Reflect  .   (no helmet)
rElec   .          Harm     .   (no cloak)
rCorr   .          Rampage  .   (no gloves)
Will    .....                   (no boots)
Stlth   ++........              (no amulet)
HPRegen 0.06/turn               (no ring)
MPRegen 0.09/turn               (no ring)

@: no status effects
A: powered by pain 1
a: no special abilities


You were on level 1 of the Dungeon.
You visited 1 branch of the dungeon, and saw 1 of its levels.

You collected 9 gold pieces.

Inventory:

Armour
 a - a +0 robe (worn)
Scrolls
 b - a scroll of vulnerability {unknown}


   Skills:
 - Level 1.7 Dodging
 - Level 1.7 Stealth
 + Level 2.3 Spellcasting
 + Level 4.2 Conjurations


You had 4 spell levels left.
You knew the following spells:

 Your Spells              Type           Power      Damage    Failure   Level
a - Magic Dart            Conj           72%        1d6       3%          1

Your spell library contained the following spells:

 Spells                   Type           Power      Damage    Failure   Level
 Searing Ray              Conj           36%        2d5       4%          2
 Dazzling Flash           Conj/Hex       20%        N/A       21%         3
 Fulminant Prism          Conj/Hex       5%         3d7       56%         4
 Iskenderun's Mystic Bla  Conj/Tloc      10%        2d4       56%         4


Dungeon Overview and Level Annotations

Branches:
Dungeon (1/15)

Altars:


Innate Abilities, Weirdness & Mutations

You sometimes gain a little power by taking damage.


Message History

The magic dart hits the ball python.
You kill the ball python!
A kobold comes into view. It is wielding a +0 short sword.
The magic dart hits the kobold.
You kill the kobold!
You have reached level 2!
Your demonic ancestry asserts itself...
You feel energised by your suffering.
No target in view!
You can't see any susceptible monsters within range! (Use Z to cast anyway.)
A kobold comes into view. It is wielding a +0 short sword.
The magic dart hits the kobold but does no damage.
The kobold shouts!
The kobold throws a stone.
The stone misses you.
A kobold is nearby!
You are too depleted to draw on your mana recklessly!
Found 11 gold pieces.
The kobold throws a stone.
The stone hits you.
The kobold hits you with a +0 short sword.
A kobold is nearby!
The magic dart hits the kobold but does no damage.
The kobold hits you with a +0 short sword.
A kobold is nearby!
You hit the kobold.
The kobold is moderately wounded.
The kobold barely misses you.
You are too depleted to draw on your mana recklessly!
You closely miss the kobold.
The kobold is moderately wounded.
The kobold closely misses you.
A kobold is nearby!
You are too depleted to draw on your mana recklessly!
You barely miss the kobold.
The kobold is moderately wounded.
The kobold misses you.
A kobold is nearby!
You hit the kobold.
The kobold is severely wounded.
The kobold misses you.
You are too depleted to draw on your mana recklessly!
Are you sure you want to abandon this character and quit the game? (Confirm with "yes".)

#######...........#
# ###....
#......)$...# ##+##
#...........######
#
#.................
#
##########.)......
# #######.)...... .
............... #
........)###### #
.......@.......
.......K.......
...............
...............
...............
...............
.....$.........
...............


You could see a kobold.

Vanquished Creatures
  4 goblins (D:1)
  A ball python (D:1)
  A bat (D:1)
  A kobold (D:1)
  A rat (D:1)
8 creatures vanquished.

Notes
Turn   | Place    | Note
-------+----------+-------------------------------------------
     0 | D:1      | McKennaii the Demonspawn Conjurer began the quest for the
                  | Orb.
     0 | D:1      | Reached XP level 1. HP: 13/13 MP: 3/3
   155 | D:1      | Gained mutation: You sometimes gain a little power by
                  | taking damage. [demonic ancestry]
   155 | D:1      | Reached XP level 2. HP: 19/19 MP: 1/5
   169 | D:1      | Quit the game

Illustrated notes

Levels and vault maps discovered:
D:1:      giann_horns, layout_basic, minmay_box_of_dots

Action                   || total
-------------------------++-------
Melee: Unarmed           ||     4
 Cast: Magic Dart        ||    11
Dodge: Dodged            ||     5
